 Dungeon Crawl Stone Soup version 0.27-a0-901-g8736458e1e (webtiles) character file.

Game seed: 6791934416964923456

76 HELP the Sneak (level 4, -2/27 HPs)
             Began as an Octopode Enchanter on Apr 6, 2021.
             Blown up by Ijyb (29 damage)
             ... with a mindburst bolt
             ... on level 3 of the Dungeon.
             The game lasted 00:08:58 (2020 turns).

HELP the Sneak (Octopode Enchanter)                 Turns: 2020, Time: 00:08:58

Health: -2/27      AC:  1    Str:  7    XL:     4   Next: 32%
Magic:  1/7        EV: 13    Int: 18    God:
Gold:   60         SH:  0    Dex: 12    Spells: 2/8 levels left

rFire    . . .     SeeInvis .   a - +1 dagger
rCold    . . .     Faith    .   (no shield)
rNeg     . . .     Spirit   .   (helmet restricted)
rPois    +         Reflect  .   c - amulet of magic regeneration
rElec    .         Harm     .   j - ring of poison resistance
rCorr    .         Rampage  .   (no ring)
Will     .....                  (no ring)
Stlth    ++++......             (no ring)
HPRegen  0.09/turn              (no ring)
MPRegen  0.35/turn              (no ring)
                                (no ring)
                                (no ring)

@: confusing by touch, very slightly contaminated
A: almost no armour, amphibious, 8 rings, camouflage 1, gelatinous body 1,
(nimble swimmer 1), tentacles
a: no special abilities


You were on level 3 of the Dungeon.
You visited 1 branch of the dungeon, and saw 4 of its levels.

You collected 60 gold pieces.

Inventory:

Hand Weapons
 a - a +1 dagger (weapon)
Missiles
 i - 18 arrows
 l - 25 bolts
Jewellery
 c - an amulet of magic regeneration (around mantle)
 j - a ring of poison resistance (left tentacle)
 n - a ring of fire
 o - a +6 ring of strength
Scrolls
 d - a scroll of fear {unknown}
 f - a scroll of magic mapping {unknown}
 k - a scroll of enchant armour {unknown}
 m - a scroll of identify {unknown}
 p - 2 scrolls of acquirement {unknown}
Potions
 b - a potion of heal wounds {unknown}
 e - 3 potions of curing {unknown}
 g - a potion of berserk rage {unknown}
 h - a potion of haste {unknown}


   Skills:
 - Level 1.0 Short Blades
 - Level 2.0 Dodging
 + Level 5.0 Stealth
 + Level 2.6 Spellcasting
 * Level 3.5 Hexes
 + Level 1.7 Ice Magic


You had 2 spell levels left.
You knew the following spells:

 Your Spells              Type           Power      Damage    Failure   Level
a - Corona                Hex            16%        N/A       4%          1
x - Confusing Touch       Hex            15%        N/A       12%         3
z - Ensorcelled Hibernat  Hex/Ice        22%        N/A       9%          2

Your spell library contained the following spells:

 Spells                   Type           Power      Damage    Failure   Level
 Tukima's Dance           Hex            15%        N/A       12%         3
 Dazzling Flash           Conj/Hex       16%        N/A       24%         3
 Gell's Gravitas          Tloc           1%         N/A       45%         3
 Metabolic Englaciation   Hex/Ice        5%         N/A       85%         5
 Petrify                  Tmut/Erth      2%         N/A       86%         4
 Yara's Violent Unravell  Hex/Tmut       4%         3d4       92%         5


Dungeon Overview and Level Annotations

Branches:
Dungeon (4/15)
 Temple: D:4-7

Altars:

Annotations:
D:3 1 runed translucent door, Crazy Yiuf, Ijyb


Innate Abilities, Weirdness & Mutations

You cannot wear most types of armour.
You are amphibious.
You can wear up to eight rings at the same time.
Your skin changes colour to match your surroundings (Stealth+).
Your rubbery body absorbs attacks. (AC +1, EV +1)
((You are camouflaged near water. (Stealth+)))
You have tentacles for arms and can constrict up to eight enemies at once.


Message History

You hit Ijyb but do no damage.
Ijyb appears confused.
You grab Ijyb. You constrict Ijyb. Ijyb hits you with a +7 club!
* * * LOW HITPOINT WARNING * * *
You release your grip on Ijyb.
Ijyb screams, "Me back to killing you soon!"
Ijyb screams, "Me back to killing you soon!"
There is a stone staircase leading down here.
You climb downwards.
There is a stone staircase leading up here.
You start resting.
HP restored.
You climb upwards.
Level annotation: 1 runed translucent door, Crazy Yiuf, Ijyb
There is a stone staircase leading down here.
Casting: Confusing Touch (quite dangerous; 12% risk of failure)
Confirm with . or Enter, or press ? or * to list all spells.
Aiming: Ensorcelled Hibernation (safe; 9% risk of failure)
Press: ? - help, Shift-Dir - straight line, f - Ijyb
Aim: Ijyb, wielding a +7 club, wearing a +0 scale mail and carrying a wand of mindburst (7) (chance to affect: 50%) Ijyb resists with some effort.
Casting: Ensorcelled Hibernation (safe; 9% risk of failure)
Confirm with . or Enter, or press ? or * to list all spells.
Aiming: Ensorcelled Hibernation (safe; 9% risk of failure)
Press: ? - help, Shift-Dir - straight line, f/p - Ijyb
Aim: Ijyb, wielding a +7 club, wearing a +0 scale mail and carrying a wand of mindburst (7) (chance to affect: 50%)
You miscast Ensorcelled Hibernation.
You are very lightly contaminated with residual magic.
Nothing appears to happen.
Casting: Ensorcelled Hibernation (safe; 9% risk of failure)
Confirm with . or Enter, or press ? or * to list all spells.
The spell is quite dangerous to cast (12% risk of failure)!
Continue anyway? [Y]es or [N]o only, please.
The spell is quite dangerous to cast (12% risk of failure)!
Continue anyway?
Okay, then.
Casting: Confusing Touch (quite dangerous; 12% risk of failure)
Confirm with . or Enter, or press ? or * to list all spells.
The spell is quite dangerous to cast (12% risk of failure)!
Continue anyway?
Your tentacles begin to glow red.
Ijyb zaps a wand.
Your mind is blasted!
Ouch! That really hurt!
You die...

......# #...# #######
#...# ##..#
########.g#####
#.............#
#.............#
#.............#
...########.....#####
.. #.....@....... .
#.#......##### #
#......# #........
#########. #


You could see Ijyb.

Vanquished Creatures
  Jessica (D:3)
  Robin (D:2)
  2 dart slugs (D:1)
  A ball python (D:2)
  2 giant cockroaches
  5 goblins
  7 hobgoblins
  2 jackals (D:2)
  A quokka (D:1)
  4 bats
  2 frilled lizards
  A kobold (D:1)
  4 rats
33 creatures vanquished.

Notes
Turn   | Place    | Note
-------+----------+-------------------------------------------
     0 | D:1      | HELP the Octopode Enchanter began the quest for the Orb.
     0 | D:1      | Reached XP level 1. HP: 11/11 MP: 3/3
   170 | D:1      | Reached XP level 2. HP: 17/17 MP: 5/5
   206 | D:1      | Learned a level 2 spell: Ensorcelled Hibernation
   594 | D:2      | Noticed Robin
   708 | D:2      | Reached XP level 3. HP: 18/21 MP: 6/6
   742 | D:2      | Learned a level 3 spell: Confusing Touch
  1003 | D:2      | Found a faded altar of an unknown god.
  1105 | D:2      | Killed Robin
  1106 | D:2      | Reached skill level 1 in Ice Magic
  1616 | D:3      | Found a runed translucent door.
  1617 | D:3      | Noticed Crazy Yiuf
  1708 | D:3      | Noticed Jessica
  1715 | D:3      | Killed Jessica
  1716 | D:3      | Reached skill level 5 in Stealth
  1716 | D:3      | Reached XP level 4. HP: 27/27 MP: 4/7
  1744 | D:3      | Noticed Ijyb
  2020 | D:3      | Blown up by Ijyb

Illustrated notes

Levels and vault maps discovered:
D:1:      psy_arrival_statuary, layout_basic
D:2:      layout_basic, basic_ecumenical_altar, uniq_robin
D:3:      layout_basic, uniq_ijyb, uniq_jessica, uniq_crazy_yiuf_cottage
D:4:      layout_rooms, okawaru_gym_becter

Skill      XL: |  1  2  3 |
---------------+----------+-----
Ice Magic      | 1 |  1.7
Stealth        | 5 |  5.0
Short Blades   | |  1.0
Dodging        | |  2.0
Spellcasting   | |  2.6
Hexes          | |  3.5

Action                   |  1- 3 |  4- 6 || total
-------------------------+-------+-------++-------
Melee: Dagger            |    58 |     2 ||    60
       Constrict         |    10 |     1 ||    11
       Tentacles         |     4 |       ||     4
 Cast: Corona            |     7 |       ||     7
       Ensorcelled Hiber |     4 |     1 ||     5
       Confusing Touch   |       |     2 ||     2
 Stab: Sleeping          |    18 |       ||    18
Armor: Skin              |     2 |       ||     2
Dodge: Dodged            |    31 |       ||    31

Table legend: (Time is in decaauts)
 A = Elapsed time spent in this place.
 B = Non-inter-level travel time spent in this place.
 C = Inter-level travel time spent in this place.
 D = Time resting spent in this place.
 E = Time spent auto-exploring this place.
 F = Levels seen in this place.
 G = Mean time per level.
                   A        B        C        D        E       F      G
               +--------+--------+--------+--------+--------+-----+--------+
         Total |   2018 |   2006 |     12 |    413 |   1149 |   4 |  504.5 |
       Dungeon |   2018 |   2006 |     12 |    413 |   1149 |   4 |  504.5 |
               +--------+--------+--------+--------+--------+-----+--------+

Top non-repeatable levels by time:
     D:2: 899 daAuts
     D:1: 568 daAuts
     D:3: 295 daAuts
     D:4: 254 daAuts
